[Event "Titled Tuesday Blitz April 25 Early 2023"]
[White "Golubev, Mikhail"]
[Black "Schnaider, Ilan"]
[WhiteFideId "14100983"]
[BlackFideId "169013"]
[WhiteElo "2374"]
[BlackElo "2224"]
[Result "1-0"]
[Round "04"]
[TimeControl "180+2"]
[Date "2023.04.25"]
[WhiteClock "0:00:10"]
[BlackClock "0:00:03"]

1. e4 c5 2. Nf3 d6 3. d4 cxd4 4. Nxd4 Nf6 5. Nc3 a6 6. Bc4 e6 7. O-O b5 8. Bb3 Bb7 9. Re1 Be7 10. Bxe6 fxe6 11. Nxe6 Qd7 12. Nxg7+ Kd8 13. Nd5 Rg8 14. Nxe7 Rxg7 15. Nf5 Rxg2+ 16. Kxg2 Qxf5 17. Qxd6+ Nbd7 18. f3 Qg6+ 19. Kh1 Qh5 20. Qg3 Ke7 21. Bg5 Rg8 22. Bxf6+ Nxf6 23. Qc7+ Nd7 24. Re3 Qg5 25. Re2 Ba8 26. Rd1 Rd8 27. Red2 Bc6 28. Qxc6 Ne5 29. Qc7+ Ke6 30. Rxd8 Nxf3 31. R8d6+ Ke5 32. R6d5+ Kxe4 33. Rxg5 Nxg5 34. Qe7+ Kf5 35. Rf1+ Kg4 36. Rg1+ Kf3 37. Rxg5 1-0


[Site "https://www.chess.com"]

[Event "Titled Tuesday Blitz April 25 Early 2023"]
[White "Fontaine, Quentin"]
[Black "Berezin, Viktor"]
[WhiteFideId "230804"]
[BlackFideId "14107872"]
[WhiteElo "2237"]
[BlackElo "2310"]
[Result "0-1"]
[Round "04"]
[TimeControl "180+2"]
[Date "2023.04.25"]
[WhiteClock "0:00:39"]
[BlackClock "0:01:00"]

1. e4 g6 2. d4 Bg7 3. Nf3 d6 4. Be2 Nf6 5. Nc3 O-O 6. O-O c6 7. a4 Nbd7 8. Be3 e5 9. dxe5 dxe5 10. h3 Qc7 11. Bc4 Nh5 12. Ne2 Ndf6 13. g4 Nf4 14. Nxf4 exf4 15. Bc5 Rd8 16. Qe2 Nd7 17. Ba3 Ne5 18. Nxe5 Bxe5 19. Rad1 Bd7 20. Rd2 Be8 21. Rfd1 Kg7 22. c3 Rxd2 23. Qxd2 Bf6 24. Kg2 Rd8 25. Bd6 Qa5 26. e5 Bg5 27. b4 Qxa4 28. h4 f3+ 0-1


[Site "https://www.chess.com"]

[Event "Titled Tuesday Blitz April 25 Early 2023"]
[White "Matveeva, Olga"]
[Black "Brunner, Nicolas"]
[WhiteFideId "24107018"]
[BlackFideId "620246"]
[WhiteElo "2056"]
[BlackElo "2327"]
[Result "0-1"]
[Round "04"]
[TimeControl "180+2"]
[Date "2023.04.25"]
[WhiteClock "0:00:03"]
[BlackClock "0:00:12"]

1. d4 d5 2. c4 e6 3. Nf3 Nf6 4. g3 Bb4+ 5. Bd2 Be7 6. Bg2 O-O 7. O-O c6 8. Qc2 Nbd7 9. Rd1 b6 10. Bf4 Bb7 11. Ne5 Rc8 12. Nc3 Nh5 13. Be3 f5 14. f4 Nhf6 15. Rac1 Ne4 16. Nxe4 fxe4 17. cxd5 Nxe5 18. dxe5 cxd5 19. Qa4 Rxc1 20. Rxc1 a6 21. Qb3 b5 22. a4 Qd7 23. axb5 axb5 24. Bh3 Rc8 25. Rxc8+ Bxc8 26. Qc3 Kf7 27. Bd4 b4 28. Qc2 Qb7 29. e3 Bd7 30. Kf2 b3 31. Qc1 Bb5 32. f5 exf5 33. Bxf5 g6 34. e6+ Ke8 35. Bg4 Bc4 36. Qa1 Qa6 37. Qe1 Qa2 38. Kg2 h5 39. Bh3 Bd3 40. Qf2 Qb1 41. Qf7+ Kd8 42. Qg8+ Kc7 43. Be5+ Kb6 44. Qb8+ Ka6 45. Qc8+ Kb5 46. Qb7+ Ka4 47. Qc6+ Ka5 48. Bc7+ Kb4 49. Qb6+ Kc4 50. Qa6+ Kc5 51. Qb6+ Kc4 52. Qa6+ Kc5 53. Qa5+ Kc4 54. Qa4+ Kc5 55. Qa5+ Kc4 56. Qc3+ Kb5 0-1


[Site "https://www.chess.com"]

[Event "Titled Tuesday Blitz April 25 Early 2023"]
[White "Karthik Sai Ch"]
[Black "Janaszak, Dawid"]
[WhiteFideId "46649484"]
[BlackFideId "1119206"]
[WhiteElo "2003"]
[BlackElo "2220"]
[Result "1/2-1/2"]
[Round "04"]
[TimeControl "180+2"]
[Date "2023.04.25"]
[WhiteClock "0:01:08"]
[BlackClock "0:00:18"]

1. d4 Nf6 2. Nf3 g6 3. Nc3 Bg7 4. e4 d6 5. Be2 O-O 6. O-O Nc6 7. d5 Nb8 8. a4 Bg4 9. a5 c5 10. h3 Bxf3 11. Bxf3 Nbd7 12. Be2 Rb8 13. Be3 b5 14. Nxb5 Nxe4 15. Nxa7 Rxb2 16. Nc6 Qa8 17. Nxe7+ Kh8 18. Ra4 Nc3 19. Qa1 Nxe2+ 20. Kh1 Rb4 21. Qa3 Bb2 22. Qa2 Bf6 23. Rxb4 cxb4 24. Nc6 Nc3 25. Qc4 Ne5 26. Nxe5 Bxe5 27. f4 Qxd5 28. Qxb4 Bg7 29. a6 Ra8 30. a7 Qb5 31. Qxb5 Nxb5 32. Rb1 Nxa7 33. Bxa7 Rxa7 34. Rb8+ Bf8 35. Rxf8+ Kg7 36. Rd8 Rc7 37. Rxd6 Rxc2 38. Kh2 h5 39. h4 Rf2 40. Kg3 Ra2 41. Rc6 Ra3+ 42. Kh2 Ra4 43. Kg3 Ra1 44. Kh2 Ra4 1/2-1/2


[Site "https://www.chess.com"]

[Event "Titled Tuesday Blitz April 25 Early 2023"]
[White "ArrestingPieces"]
[Black "Pacan-Milej, Kosma"]
[BlackFideId "21800537"]
[WhiteElo "2345"]
[BlackElo "2302"]
[Result "1-0"]
[Round "04"]
[TimeControl "180+2"]
[Date "2023.04.25"]
[WhiteClock "0:01:55"]
[BlackClock "0:00:48"]

1. e4 c6 2. d4 d5 3. exd5 cxd5 4. c4 Nf6 5. Nc3 Nc6 6. Nf3 Bg4 7. cxd5 Nxd5 8. Be2 e6 9. h3 Bh5 10. O-O Be7 11. Qb3 Nb6 12. Rd1 O-O 13. d5 exd5 14. Nxd5 Bg6 15. Nf6+ Bxf6 16. Rxd8 Raxd8 17. Be3 Nd5 18. Qxb7 Nxe3 19. fxe3 Ne5 20. Nxe5 Bxe5 21. Rd1 Rb8 22. Qxa7 Rxb2 23. Bf3 h5 24. a4 Rc8 25. a5 Rcc2 26. a6 h4 27. Qa8+ Kh7 28. Be4 f5 29. Bxc2 1-0


[Site "https://www.chess.com"]

[Event "Titled Tuesday Blitz April 25 Early 2023"]
[White "Rosenberg, Evan S"]
[Black "Arias, Juan Cruz"]
[WhiteFideId "2019299"]
[BlackFideId "118540"]
[WhiteElo "2279"]
[BlackElo "2243"]
[Result "0-1"]
[Round "04"]
[TimeControl "180+2"]
[Date "2023.04.25"]
[WhiteClock "0:00:08"]
[BlackClock "0:01:16"]

1. d4 Nf6 2. Nf3 d5 3. c4 e6 4. g3 dxc4 5. Bg2 c6 6. O-O b5 7. a4 Bb7 8. Ne5 a6 9. Na3 Nbd7 10. Nxc6 Qc7 11. axb5 Bxa3 12. Rxa3 axb5 13. Rxa8+ Bxa8 14. Bf4 Qb6 15. Ne5 Bxg2 16. Kxg2 O-O 17. Nxd7 Nxd7 18. d5 e5 19. Be3 Qd6 20. Qd2 b4 21. Rd1 Rc8 22. f3 f5 23. Bf2 Nf6 24. Qc2 e4 25. Bd4 Nxd5 26. fxe4 fxe4 27. Qxe4 Qc6 28. Kg1 c3 29. bxc3 bxc3 30. Qe5 Nf6 31. Bxc3 Qxc3 32. Rd8+ Kf7 33. Rd4 Qc1+ 34. Kg2 Qc6+ 35. Kh3 Qe6+ 36. Qxe6+ Kxe6 37. e4 Ke5 38. Ra4 Nxe4 39. Ra7 Ng5+ 40. Kg4 Ne6 41. h4 Kf6 42. h5 Rc5 43. Kh4 h6 44. g4 Rc4 45. Ra6 Kf7 46. Ra7+ Kg8 47. Ra8+ Kh7 48. Re8 Ng5 49. Re3 Rc2 50. Kg3 Rc4 51. Kh4 Rc2 52. Kg3 Rc3 53. Rxc3 Ne4+ 54. Kf4 Nxc3 55. g5 hxg5+ 56. Kxg5 Nd5 57. Kg4 Nf6+ 58. Kg5 Ng8 59. Kh4 Kh6 60. Kg4 Nf6+ 61. Kh4 Nxh5 62. Kg4 Nf6+ 63. Kh4 Kg6 64. Kh3 Kf5 65. Kh4 Kf4 66. Kh3 g5 67. Kg2 Kg4 68. Kg1 Kf3 69. Kf1 g4 70. Kg1 Kg3 71. Kh1 Kf2 72. Kh2 g3+ 73. Kh3 g2 74. Kh4 g1=Q 75. Kh3 Qg3# 0-1


[Site "https://www.chess.com"]

[Event "Titled Tuesday Blitz April 25 Early 2023"]
[White "Shevtchenko, Olesya"]
[Black "Goldin, Roman"]
[WhiteFideId "24131890"]
[BlackFideId "2803860"]
[WhiteElo "2003"]
[BlackElo "2312"]
[Result "0-1"]
[Round "04"]
[TimeControl "180+2"]
[Date "2023.04.25"]
[WhiteClock "0:00:37"]
[BlackClock "0:00:09"]

1. e4 Nc6 2. Nf3 e5 3. Nc3 g6 4. d4 exd4 5. Nxd4 Bg7 6. Be3 Nf6 7. Bc4 O-O 8. O-O Re8 9. Nxc6 bxc6 10. Bg5 h6 11. Bh4 g5 12. Bg3 Nxe4 13. Qh5 d5 14. Nxe4 Rxe4 15. Be2 Bxb2 16. Bf3 Re8 17. Qxh6 Qf6 18. Qxf6 Bxf6 19. Rab1 g4 20. Bd1 Ba6 21. Bxg4 Bxf1 22. Kxf1 Rab8 23. Rb3 Rxb3 24. axb3 Bc3 25. f3 Be5 26. Bd7 Re7 27. Bxc6 Bxg3 28. hxg3 d4 29. Be4 Re5 30. g4 Kg7 31. Ke2 c5 32. Kd3 Re7 33. Kc4 Rc7 34. Kd5 Kf6 35. Kd6 Rc8 36. Bf5 Re8 37. Kxc5 Ke5 38. Be4 Rc8+ 39. Kb5 Kf4 40. Kb4 f6 41. Ka3 Ke3 42. Kb2 Kf2 43. f4 Ke3 44. Bf5 Rc5 45. b4 Rc7 46. g5 Kxf4 47. Bd3 Kxg5 48. Kc1 Kf4 49. b5 Rg7 50. Bf1 Ke3 51. Kd1 Kf2 52. Bd3 Rxg2 53. Kc1 Ke3 54. Kb2 Rg5 55. Kb3 f5 56. Kc4 f4 57. b6 axb6 58. Kb4 f3 59. Bc4 f2 60. Bd3 Rc5 61. Kb3 Rc3+ 62. Kb2 Rxd3 63. cxd3 f1=Q 64. Ka3 Kxd3 65. Ka4 Kc4 66. Ka3 Qa1# 0-1


[Site "https://www.chess.com"]

[Event "Titled Tuesday Blitz April 25 Early 2023"]
[White "Safin, Robert"]
[Black "mjelcic"]
[WhiteFideId "34189120"]
[WhiteElo "2245"]
[BlackElo "2218"]
[Result "1-0"]
[Round "04"]
[TimeControl "180+2"]
[Date "2023.04.25"]
[WhiteClock "0:00:04"]
[BlackClock "0:00:01"]

1. e4 g6 2. d4 Bg7 3. Nc3 d6 4. Nge2 a6 5. a4 Nd7 6. g3 Ngf6 7. Bg2 O-O 8. O-O c5 9. h3 cxd4 10. Nxd4 Rb8 11. Be3 Ne5 12. b3 Qa5 13. Qd2 Re8 14. Rad1 Bd7 15. g4 Rbc8 16. Nde2 Rc7 17. Kh1 Nfxg4 18. hxg4 Nxg4 19. Nd5 Qxd2 20. Rxd2 Rc6 21. Bd4 Bh6 22. Ne3 e5 23. Nxg4 Bxg4 24. Be3 Bf8 25. c4 Rec8 26. Nc3 Be6 27. Nd5 Kg7 28. f4 f6 29. a5 f5 30. exf5 Bxf5 31. fxe5 dxe5 32. Rdf2 Bc5 33. Bxc5 Rxc5 34. Ne7 Rf8 35. Nxf5+ gxf5 36. Rxf5 Rxf5 37. Rxf5 Rxa5 38. Bxb7 Ra1+ 39. Kg2 Re1 40. Bd5 Kg6 41. Rf3 e4 42. Rg3+ Kf6 43. Kf2 Rb1 44. Bxe4 Rb2+ 45. Kg1 Ke6 46. Bxh7 Ke5 47. Bg8 Kd4 48. Bd5 a5 49. Rf3 Rb1+ 50. Kg2 Rb2+ 51. Kg3 Kc5 52. Kf4 Ra2 53. Re3 a4 54. bxa4 Rxa4 55. Ke4 Ra1 56. Rf3 Re1+ 57. Kf4 Re7 58. Kg3 Re5 59. Kf2 Re7 60. Rf7 Re5 61. Rc7+ Kd4 62. Rc6 Rf5+ 63. Kg3 Rf8 64. Rc7 Ke3 65. Kg4 Kd4 66. Be6 Rf1 67. Rd7+ Ke5 68. Bd5 Rc1 69. Kf3 Re1 70. Kf2 Rc1 71. Ke3 Re1+ 72. Kd2 Ra1 73. Re7+ Kd6 74. Re4 Kc5 75. Re6 Ra2+ 76. Kc3 Ra3+ 77. Kb2 Rg3 78. Rc6+ Kb4 79. Rc8 Rh3 80. Rb8+ Kc5 81. Rb5+ Kd4 82. Rb3 Rh2+ 83. Ka3 Rh8 84. Kb2 Kc5 85. Rb5+ Kd4 86. Kb3 Rh3+ 87. Kb4 Rh2 88. Rb6 Rb2+ 89. Ka5 Ra2+ 90. Kb5 Rb2+ 91. Kc6 Rc2 92. Be6 Ke5 93. Kc7 Rc3 94. Bd5 Kd4 95. Kd6 Rc1 96. c5 Rh1 97. c6 Rh6+ 98. Be6 Rh8 99. c7 Ra8 100. Rb8 Ra6+ 101. Kd7 Rb6 102. Rxb6 1-0


[Site "https://www.chess.com"]

[Event "Titled Tuesday Blitz April 25 Early 2023"]
[White "Torres Dominguez, David"]
[Black "MaryanKyrychenko"]
[WhiteFideId "2220857"]
[WhiteElo "1999"]
[BlackElo "2532"]
[Result "0-1"]
[Round "04"]
[TimeControl "180+2"]
[Date "2023.04.25"]
[WhiteClock "0:00:05"]
[BlackClock "0:00:11"]

1. e4 c5 2. Nc3 a6 3. Nf3 e6 4. d4 cxd4 5. Nxd4 d6 6. Be2 Nf6 7. O-O Be7 8. f4 Nc6 9. Be3 Qc7 10. Qe1 Bd7 11. Qg3 Rg8 12. Rae1 O-O-O 13. Nxc6 Bxc6 14. e5 Nd5 15. Nxd5 Bxd5 16. b3 dxe5 17. fxe5 f5 18. c4 Be4 19. Qf2 Qxe5 20. Bf3 Bb4 21. Rd1 Bd3 22. Bf4 Qc5 23. Be3 Qe7 24. Be2 Bxe2 25. Qxe2 Rxd1 26. Rxd1 Rd8 27. Rxd8+ Qxd8 28. h3 e5 29. Kh1 g6 30. c5 Qd5 31. Qc2 f4 32. Bg1 e4 33. Qb2 e3 34. Qh8+ Qd8 35. Qe5 Qd7 36. Qxf4 Bxc5 37. Bxe3 Qd1+ 38. Kh2 Bd6 0-1


[Site "https://www.chess.com"]

[Event "Titled Tuesday Blitz April 25 Early 2023"]
[White "Kleiman, Jake"]
[Black "Aung Thant Zin"]
[WhiteFideId "2020041"]
[BlackFideId "13000063"]
[WhiteElo "2519"]
[BlackElo "2278"]
[Result "1-0"]
[Round "04"]
[TimeControl "180+2"]
[Date "2023.04.25"]
[WhiteClock "0:00:26"]
[BlackClock "0:00:15"]

1. b3 d5 2. Bb2 c5 3. e3 Nc6 4. Bb5 e6 5. Bxc6+ bxc6 6. Nf3 Nf6 7. O-O Be7 8. Ne5 Qc7 9. d3 O-O 10. Nd2 Bd6 11. f4 Nd7 12. Ndf3 f6 13. Nxd7 Bxd7 14. Qe2 Rae8 15. h3 e5 16. fxe5 fxe5 17. e4 Rf6 18. Rf2 d4 19. Raf1 Ref8 20. Nd2 Be6 21. Bc1 Be7 22. a4 Qd7 23. Rxf6 Rxf6 24. Rxf6 Bxf6 25. Nf3 Qc7 26. Ba3 Qa5 27. Kf2 Qc3 28. Qd2 Qxd2+ 29. Nxd2 Be7 30. Nf3 Bd6 31. Ke2 h6 32. Bc1 Kf7 33. Bd2 Bc8 34. g4 Ke6 35. Kf2 Be7 36. Kg3 g5 37. Ba5 Bd7 38. Nd2 Kf6 39. Bc7 Be6 40. Kf3 h5 41. gxh5 Bxh3 42. Nc4 Be6 43. Bxe5+ Kf7 44. Nd6+ Kg8 45. Nb7 Kf8 46. Bd6 Bxd6 47. Nxd6 Kg7 48. Nb7 Kh6 49. Nxc5 Bc8 50. b4 Kxh5 51. Kg3 Kh6 52. Nb3 Kg6 53. Nxd4 Bd7 54. c4 Kf6 55. Nb3 Ke5 56. Kf3 g4+ 57. Ke3 Be8 58. d4+ Ke6 59. Kf4 Bg6 60. Nc5+ Kd6 61. e5+ Kc7 62. d5 Bc2 63. Kxg4 cxd5 64. cxd5 Bb3 65. d6+ Kc6 66. Kf5 a5 67. d7 Kc7 68. bxa5 Bd5 69. e6 1-0


[Site "https://www.chess.com"]

[Event "Titled Tuesday Blitz April 25 Early 2023"]
[White "Kollars, Dmitrij"]
[Black "Zhukova, Natalia"]
[WhiteFideId "12909572"]
[BlackFideId "14101513"]
[WhiteElo "2584"]
[BlackElo "2297"]
[Result "1-0"]
[Round "04"]
[TimeControl "180+2"]
[Date "2023.04.25"]
[WhiteClock "0:01:54"]
[BlackClock "0:00:02"]

1. d4 Nf6 2. c4 e6 3. Nf3 d5 4. g3 c5 5. Bg2 Nc6 6. cxd5 Nxd5 7. O-O Be7 8. dxc5 Bxc5 9. a3 Be7 10. e4 Nb6 11. Qe2 e5 12. Nc3 Bg4 13. Be3 Nd4 14. Bxd4 exd4 15. Rad1 O-O 16. h3 Bxf3 17. Qxf3 Bf6 18. Ne2 Rc8 19. Qd3 Nc4 20. Rb1 Ne5 21. Qb3 d3 22. Nf4 Nc4 23. Rfd1 Nxb2 24. Rxb2 Bxb2 25. Qxb2 Rc2 26. Qb3 Qd4 27. Nxd3 Rc3 28. Qb1 Rfc8 29. Nf4 Qa4 30. Kh2 h6 31. Nd5 Rc2 32. Ne7+ 1-0


[Site "https://www.chess.com"]

[Event "Titled Tuesday Blitz April 25 Early 2023"]
[White "Ashraf, Artin"]
[Black "Fan_Of_Chucky"]
[WhiteFideId "22514805"]
[WhiteElo "2188"]
[BlackElo "2426"]
[Result "1-0"]
[Round "04"]
[TimeControl "180+2"]
[Date "2023.04.25"]
[WhiteClock "0:02:09"]
[BlackClock "0:01:02"]

1. Nf3 Nf6 2. e3 g6 3. d4 Bg7 4. c4 d5 5. cxd5 Nxd5 6. e4 Nb6 7. Nc3 O-O 8. Be2 Nc6 9. Be3 Bg4 10. Ng1 Bxe2 11. Ngxe2 Nc4 12. Qb3 Nxe3 13. fxe3 b6 14. O-O e6 15. e5 Qg5 16. Ne4 Qg4 17. N2g3 h5 18. Rf4 Nxd4 19. Qc4 Nf3+ 20. gxf3 Qh3 21. Ng5 1-0


[Site "https://www.chess.com"]

[Event "Titled Tuesday Blitz April 25 Early 2023"]
[White "Gonzalez Zamora, Juan Carlos"]
[Black "Albornoz Cabrera, Carlos Daniel"]
[WhiteFideId "3507548"]
[BlackFideId "3518736"]
[WhiteElo "2535"]
[BlackElo "2516"]
[Result "1/2-1/2"]
[Round "04"]
[TimeControl "180+2"]
[Date "2023.04.25"]
[WhiteClock "0:00:11"]
[BlackClock "0:00:46"]

1. e4 c6 2. d4 d5 3. exd5 cxd5 4. c4 Nf6 5. Nc3 g6 6. Nf3 Bg7 7. Bg5 dxc4 8. Bxc4 O-O 9. h3 h6 10. Be3 Nc6 11. O-O Bf5 12. Qd2 Kh7 13. Rfd1 Ne4 14. Nxe4 Bxe4 15. Qe2 Rc8 16. Rac1 Bd5 17. b3 e6 18. Bxd5 exd5 19. Qb5 Qd7 20. Rc5 Rcd8 21. Rdc1 Rfe8 22. Qd3 Re4 23. Nd2 Re6 24. Nf3 f5 25. Bd2 Re4 26. Ne5 Bxe5 27. dxe5 Qe6 28. f4 g5 29. fxg5 hxg5 30. Bxg5 Rg8 31. h4 Rxe5 32. b4 a6 33. b5 axb5 34. Rxb5 Rg7 35. Rcb1 d4 36. Rxe5 Qxe5 37. Qf3 Kg6 38. Rf1 Qe4 39. Qb3 d3 40. Rd1 Nd4 41. Qxd3 Ne2+ 42. Kh1 Kh5 43. Qxe4 fxe4 44. Re1 Nc3 45. Re3 Rc7 46. Bf4 Rc6 47. Be5 Nxa2 48. Rxe4 Re6 49. Re3 Nb4 50. Bf4 Rxe3 51. Bxe3 Kxh4 52. Kh2 Kg4 53. Bb6 Nd5 54. Bc5 b5 55. g3 Nf6 56. Kg2 Ne4 57. Bf8 Nxg3 58. Kf2 Nf5 59. Ba3 Kf4 60. Ke2 Ke4 61. Kd2 Kd4 62. Kc2 Kc4 63. Kb2 Nd4 64. Bf8 Nc6 65. Ba3 Nb4 66. Kb1 Kb3 67. Bxb4 Kxb4 68. Kb2 Kc4 69. Kc2 Kb4 70. Kb2 Kc5 71. Kc3 Kb6 72. Kb3 Ka5 73. Ka3 b4+ 74. Kb3 Kb5 75. Kb2 Kc5 76. Kb3 Kb5 77. Kb2 Kc4 78. Kc2 Kd5 79. Kb3 Kc5 80. Kb2 Kc4 81. Kc2 b3+ 82. Kb2 Kb4 83. Kb1 Ka4 84. Kb2 Kb4 85. Kb1 Kc3 86. Kc1 Kd4 87. Kb2 Kc4 88. Kb1 Kb4 89. Kb2 Ka4 90. Kb1 Ka3 91. Ka1 b2+ 92. Kb1 Kb3 1/2-1/2


[Site "https://www.chess.com"]

[Event "Titled Tuesday Blitz April 25 Early 2023"]
[White "Liu, Xiangyi"]
[Black "Toktomushev, Teimur"]
[WhiteFideId "8605718"]
[BlackFideId "14176726"]
[WhiteElo "2323"]
[BlackElo "2116"]
[Result "1-0"]
[Round "04"]
[TimeControl "180+2"]
[Date "2023.04.25"]
[WhiteClock "0:00:22"]
[BlackClock "0:00:02"]

1. Nf3 d5 2. c4 e6 3. g3 Nf6 4. Bg2 Be7 5. O-O O-O 6. d4 c6 7. Nc3 b6 8. Bf4 Ba6 9. cxd5 cxd5 10. Rc1 Nbd7 11. Qa4 Bb7 12. Nb5 a6 13. Nd6 Bxd6 14. Bxd6 Re8 15. Rc7 b5 16. Qa3 Rb8 17. Rfc1 Ne4 18. Bf4 f6 19. Nd2 Nb6 20. b3 Nxd2 21. Bxd2 1-0


[Site "https://www.chess.com"]

[Event "Titled Tuesday Blitz April 25 Early 2023"]
[White "Maevsky, Nikolay"]
[Black "Omariev, Maksim"]
[WhiteFideId "4198220"]
[BlackFideId "4193423"]
[WhiteElo "2021"]
[BlackElo "2417"]
[Result "1/2-1/2"]
[Round "04"]
[TimeControl "180+2"]
[Date "2023.04.25"]
[WhiteClock "0:00:40"]
[BlackClock "0:00:08"]

1. d4 d5 2. Nf3 Nf6 3. e3 c6 4. Nbd2 Bf5 5. Ne5 Nfd7 6. g4 Bg6 7. Nxg6 hxg6 8. c4 e6 9. Bg2 Bd6 10. h3 Qe7 11. b3 Nf6 12. Bb2 Nbd7 13. g5 Ng8 14. h4 f6 15. c5 Bc7 16. f4 e5 17. fxe5 fxe5 18. Qe2 e4 19. O-O-O O-O-O 20. Qg4 Rf8 21. Rdf1 Rxf1+ 22. Rxf1 Qe8 23. b4 Ne7 24. Qe6 Nf5 25. Qxe8+ Rxe8 26. Rh1 Nxe3 27. Bh3 Kd8 28. Nb3 Nf5 29. h5 Ng3 30. Rg1 Nxh5 31. Kc2 Rf8 32. Rf1 Rxf1 33. Bxf1 Bf4 34. Bc1 Bxc1 35. Nxc1 Nf8 36. b5 Ne6 37. bxc6 bxc6 38. Kc3 Nxg5 39. Ne2 Nf3 40. Bh3 Kc7 41. Bg4 Nf6 42. Be6 g5 43. Ng3 g4 44. Nf5 g6 45. Ng3 g5 46. a4 e3 47. Kd3 Ne4 48. Nxe4 dxe4+ 49. Kxe3 g3 50. Bh3 g4 51. Bg2 Ng5 52. Kf4 Nf3 53. Kxg3 Nxd4 54. Bxe4 Nb3 55. Kxg4 a5 56. Bc2 Nxc5 57. Kf5 Kd6 58. Kf4 Kd5 59. Ke3 Kc4 60. Kd2 Kb4 61. Bd1 Nxa4 62. Kc2 c5 63. Be2 Nc3 64. Bd3 a4 65. Kb2 a3+ 66. Ka1 c4 67. Bxc4 Kxc4 1/2-1/2


[Site "https://www.chess.com"]

[Event "Titled Tuesday Blitz April 25 Early 2023"]
[White "Prohaszka, Peter"]
[Black "Dwilewicz, Katarzyna"]
[WhiteFideId "726265"]
[BlackFideId "1148486"]
[WhiteElo "2626"]
[BlackElo "2065"]
[Result "1-0"]
[Round "04"]
[TimeControl "180+2"]
[Date "2023.04.25"]
[WhiteClock "0:00:04"]
[BlackClock "0:00:04"]

1. d4 d5 2. c3 g6 3. h4 Nf6 4. Bg5 Bg7 5. Nd2 c6 6. e3 Qb6 7. b3 Bf5 8. Ne2 h5 9. Ng3 Bg4 10. f3 Be6 11. Bd3 Nbd7 12. b4 Qc7 13. Ne2 a5 14. a3 O-O 15. O-O Rfe8 16. Qc2 Nf8 17. Nf4 N6h7 18. Nb3 Nxg5 19. hxg5 axb4 20. axb4 b6 21. Kf2 Bd7 22. c4 Rxa1 23. Rxa1 e5 24. Ne2 exd4 25. exd4 dxc4 26. Bxc4 Qh2 27. Ra7 Qh4+ 28. Kf1 Qxg5 29. Nd2 h4 30. Ne4 Qf5 31. Qd3 h3 32. g4 h2 33. Kg2 Rxe4 34. gxf5 Rh4 35. Kh1 Bxf5 36. Qd1 Ne6 37. Bxe6 Bxe6 38. Qe1 Bd5 39. Qxh4 Bxf3+ 40. Kxh2 Bxe2 41. Ra8+ 1-0


[Site "https://www.chess.com"]

[Event "Titled Tuesday Blitz April 25 Early 2023"]
[White "Mazurkiewicz, Michal"]
[Black "Kvaloy, Aksel Bu"]
[WhiteFideId "1124943"]
[BlackFideId "1528815"]
[WhiteElo "2054"]
[BlackElo "2208"]
[Result "0-1"]
[Round "04"]
[TimeControl "180+2"]
[Date "2023.04.25"]
[WhiteClock "0:00:02"]
[BlackClock "0:00:42"]

1. e4 e5 2. Nf3 Nf6 3. d3 Nc6 4. g3 d5 5. exd5 Nxd5 6. Bg2 Be7 7. O-O O-O 8. Nc3 Bg4 9. Nxd5 Qxd5 10. h3 Bh5 11. Re1 Qd6 12. g4 Bg6 13. Be3 f5 14. gxf5 Rxf5 15. Nd2 Bh5 16. Ne4 Qg6 17. Qd2 Bh4 18. Kh2 Bf3 19. Ng3 Bxg2 20. Kxg2 Raf8 21. Qe2 h5 22. Kh2 Rf3 23. Rg1 Nd4 24. Bxd4 exd4 25. Ne4 Qf5 26. Qf1 Kh7 27. Qg2 Qe5+ 28. Kh1 Kh8 29. Raf1 R8f7 30. Qh2 Qe6 31. Qg2 Rxh3+ 32. Qh2 Rxh2+ 33. Kxh2 Qe5+ 34. Kh3 Rf3+ 35. Kg2 Rf4 36. f3 Be7 37. Rh1 h4 38. Rh3 g5 39. Rg1 Rxe4 40. dxe4 g4 41. fxg4 Qxe4+ 42. Kf1 Bg5 43. Rh2 Be3 44. Rgg2 Qf3+ 45. Ke1 h3 46. Re2 Qg3+ 47. Kd1 Qg1+ 48. Re1 Qxg4+ 49. Rhe2 h2 50. c3 Qg1 51. Kc2 h1=Q 52. Rxg1 Qxg1 53. cxd4 Qg6+ 0-1


[Site "https://www.chess.com"]

[Event "Titled Tuesday Blitz April 25 Early 2023"]
[White "KRUMMEL2008"]
[Black "Gatterer, Florian"]
[BlackFideId "811688"]
[WhiteElo "2627"]
[BlackElo "2221"]
[Result "1-0"]
[Round "04"]
[TimeControl "180+2"]
[Date "2023.04.25"]
[WhiteClock "0:00:12"]
[BlackClock "0:00:38"]

1. e4 c5 2. Nf3 e6 3. g3 d5 4. exd5 exd5 5. d4 Nf6 6. Bg2 Nc6 7. O-O cxd4 8. Nxd4 Be7 9. Nc3 O-O 10. Be3 h6 11. h3 Re8 12. Qd2 Bb4 13. a3 Ba5 14. Rad1 Ne4 15. Bxe4 dxe4 16. Nxc6 bxc6 17. Qxd8 Bxd8 18. Kh2 Bf5 19. Rd6 Bf6 20. Rxc6 Rec8 21. Rxf6 gxf6 22. Nd5 Kg7 23. Ne7 Rxc2 24. Nxf5+ Kg6 25. Ne7+ Kg7 26. Bd4 Rd8 27. Bc3 Rd7 28. Nf5+ Kg6 29. Ne3 Re2 30. Ng2 Rc2 31. Nf4+ Kf5 32. Ng2 Kg6 33. Kg1 a5 34. Re1 f5 35. Ne3 Rxc3 36. bxc3 Rd3 37. Rc1 h5 38. a4 h4 39. c4 hxg3 40. c5 gxf2+ 41. Kxf2 f4 42. Ng4 Kf5 43. c6 Rd2+ 44. Kg1 Rd8 45. c7 Rc8 46. Rc5+ Kg6 47. Ne5+ Kf6 48. Nc4 f3 49. Nb6 Rxc7 50. Rxc7 e3 51. Rc3 e2 52. Rxf3+ Kg5 53. Re3 Kh4 54. Rxe2 f5 55. Nd5 f4 56. Nxf4 Kg3 57. Rg2+ Kf3 58. h4 Ke4 59. h5 Kf3 60. h6 Ke4 61. h7 Kf3 62. h8=Q 1-0


[Site "https://www.chess.com"]

[Event "Titled Tuesday Blitz April 25 Early 2023"]
[White "kuanysh1981"]
[Black "Ibadov, Dashgyn"]
[BlackFideId "24107514"]
[WhiteElo "2411"]
[BlackElo "2208"]
[Result "0-1"]
[Round "04"]
[TimeControl "180+2"]
[Date "2023.04.25"]
[WhiteClock "0:00:04"]
[BlackClock "0:00:04"]

1. d4 d5 2. Nf3 Nf6 3. c4 e6 4. Nc3 c6 5. Bg5 Nbd7 6. e3 Qa5 7. Qc2 Bb4 8. Bh4 Ne4 9. Rc1 O-O 10. Nd2 f5 11. Bd3 Ndf6 12. O-O Bd7 13. f3 Nxd2 14. Qxd2 Qxa2 15. cxd5 exd5 16. Qc2 Qa5 17. Bxf5 Bxf5 18. Qxf5 Rae8 19. Qd3 Bxc3 20. Rxc3 Re6 21. Ra3 Qb6 22. Rb3 Qc7 23. Bg3 Qe7 24. Be5 b6 25. Rc1 Nd7 26. Bg3 Re8 27. Bf2 c5 28. Qb5 c4 29. Ra3 Nf6 30. Qa6 Qb4 31. Qa4 Qxa4 32. Rxa4 a5 33. h3 Nd7 34. b3 cxb3 35. Rb1 Rc8 36. Rxb3 Rc1+ 37. Kh2 Rc2 38. Bg3 h5 39. h4 Kf7 40. Bf4 Rg6 41. Bg3 Re6 42. Bf4 Rg6 43. Bg5 Rgc6 44. Ra1 R6c3 45. Rab1 Rxb3 46. Rxb3 a4 47. Rb4 a3 48. Ra4 a2 49. Ra7 Ke6 50. e4 b5 51. f4 dxe4 52. f5+ Kd6 53. Bf4+ Kc6 54. Be5 Nxe5 55. dxe5 Kd5 56. e6 Ke5 57. e7 Rc8 58. Rxa2 Kxf5 59. Ra6 Re8 60. Rb6 Rxe7 61. Rxb5+ Kg4 62. g3 e3 63. Rg5+ Kf3 64. Rf5+ Ke2 65. Kg2 Ke1 66. Rf4 e2 67. Rd4 Re6 68. Rd5 g6 69. Rd4 Re7 70. Rd5 Ra7 71. Rd6 Ra2 72. Kf3 Rd2 73. Re6 Kd1 74. Kf2 e1=Q+ 0-1


[Site "https://www.chess.com"]

[Event "Titled Tuesday Blitz April 25 Early 2023"]
[White "Maurizzi, Marc`Andria"]
[Black "Koridze, Lile"]
[WhiteFideId "36083534"]
[BlackFideId "13612514"]
[WhiteElo "2421"]
[BlackElo "2047"]
[Result "0-1"]
[Round "04"]
[TimeControl "180+2"]
[Date "2023.04.25"]
[WhiteClock "0:01:38"]
[BlackClock "0:01:08"]

1. e4 c5 2. Nf3 d6 3. Nc3 Nf6 4. e5 dxe5 5. Nxe5 e6 6. Bb5+ Nbd7 7. d4 a6 8. Bxd7+ Bxd7 9. Be3 Qc7 10. Qf3 cxd4 11. Bxd4 Be7 12. O-O-O Bc6 13. Qg3 O-O 14. Ng6 Rac8 15. Qxc7 Rxc7 16. Nxe7+ Rxe7 17. Bc5 Rd7 18. Rxd7 Nxd7 19. Bxf8 Kxf8 20. f3 Ke7 21. Rd1 Ne5 22. Ne2 Nc4 23. Rd3 Bb5 24. Nd4 Bd7 25. b3 Ne5 26. Re3 Ng6 27. c4 Kd6 28. Rd3 Kc7 29. Kd2 Nf4 30. Re3 Nxg2 31. Re2 Nf4 32. Re1 f6 33. Ne2 Ng6 34. Ke3 e5 35. b4 Ne7 36. Nc3 Be6 37. Kd3 Kc6 38. a4 Nf5 39. b5+ axb5 40. axb5+ Kc7 41. c5 Nd4 42. f4 Bf5+ 43. Kc4 Nf3 44. Rd1 exf4 45. b6+ Kc8 46. Nd5 Be6 47. Kc3 Bxd5 48. Rxd5 Ne5 49. Kd2 g5 50. Rd6 Nc4+ 0-1


[Site "https://www.chess.com"]